 Dungeon Crawl Stone Soup version 0.29.0-4-gdea44cf6ec (webtiles) character file.

Game seed: 914165370025123594

154 qw the Sneak (level 5, 0/32 HPs)
             Began as a Gargoyle Delver on Sept 10, 2022.
             Slain by an ogre
             ... wielding a +0 giant club
              (7 damage)
             ... on level 4 of the Dungeon.
             The game lasted 00:00:29 (1225 turns).

qw the Sneak (Gargoyle Delver)                      Turns: 1225, Time: 00:00:30

Health: 0/32       AC:  7    Str: 18    XL:     5   Next: 36%
Magic:  5/5        EV: 11    Int: 10    God:
Gold:   3          SH:  0    Dex: 11    Spells: 4/4 levels left

rFire   . . .      SeeInvis .   Y - +0 hand axe
rCold   . . .      Faith    .   (no shield)
rNeg    + . .      Spirit   .   b - +0 leather armour
rPois   inf        Reflect  .   (no helmet)
rElec   +          Harm     .   (no cloak)
rCorr   .          Rampage  .   (no gloves)
Will    .....                   (no boots)
Stlth   +++.......              (no amulet)
HPRegen 0.10/turn               (no ring)
MPRegen 0.09/turn               (no ring)

@: no status effects
A: sickness immunity, AC +4, negative energy resistance 1, electricity
resistance, torment resistance 1, petrification resistance
a: no special abilities


You were on level 4 of the Dungeon.
You visited 1 branch of the dungeon, and saw 2 of its levels.

You collected 39 gold pieces.
You spent 36 gold pieces at shops.


Innate Abilities, Weirdness & Mutations

You are immune to sickness and miasma.
Your stone body is resilient. (AC +4)
You are immune to poison.
You resist negative energy. (rN+)
You are resistant to electric shocks. (rElec)
You are resistant to unholy torment.
You are immune to petrification.


   Skills:
 - Level 3.2 Fighting
 + Level 4.9 Axes
 - Level 1.5 Dodging
 - Level 5.4 Stealth


You had 4 spell levels left.
You didn't know any spells.
Your spell library was empty.

Inventory:

Hand Weapons
 k - a +0 mace
 Y - a +0 hand axe (weapon)
Armour
 b - a +0 leather armour (worn)
 h - the +1 scale mail "Oxaop" {Int+3 Stlth+}
   (You found it on level 4 of the Dungeon)

   Int:       It affects your intelligence (+3).
   Stlth:     It makes you more stealthy.
Jewellery
 a - a +6 ring of strength
Wands
 g - a wand of digging (3)
Scrolls
 e - a scroll of acquirement {unknown}
 j - 2 scrolls of identify
Potions
 c - a potion of mutation {unknown}
 f - a potion of haste
 i - 2 potions of curing {unknown}

Dungeon Overview and Level Annotations

Branches:
Dungeon (5/15)
 Temple: D:4-7

Altars:
Nemelex Xobeh
Qazlal

Shops:
D:4 (


Message History

You closely miss the adder.
The adder is almost dead.
The adder bites you.
You slash the adder!
You kill the adder!
You start resting.
HP restored.
An orc comes into view. It is wielding a +0 hand axe.
The orc shouts!
You hear a shout!
You hear a bark!
An ogre comes into view. It is wielding a +0 giant club.
You hit the orc but do no damage.
A ball python comes into view.
The orc hits you but does no damage.
You closely miss the orc. The orc hits you but does no damage.
You hit the orc.
You kill the orc!
You hit the ogre but do no damage. The ogre hits you with a +0 giant club!
You barely miss the ogre. The ogre hits you with a +0 giant club!
You hit the ogre.
The ogre is lightly wounded.
You hit the ogre.
The ogre is moderately wounded.
The ogre barely misses you.
You barely miss the ogre.
The ogre is moderately wounded.
The ogre hits you with a +0 giant club.
You closely miss the ogre.
The ogre is moderately wounded.
You hit the ogre but do no damage.
The ogre is moderately wounded.
An adder comes into view.
The ogre barely misses you.
The adder hisses angrily.
You hit the ogre.
The ogre is heavily wounded.
The ogre hits you with a +0 giant club!
You die...

#..# #...........# #..#
#...........#
#..###########............
#...............##......#.
##.################......#.
#..%...... #.........'.
#......... #.........#.
##.#######################
#..........@OS.S.#
################...


You could see an ogre, an adder and a ball python.

Vanquished Creatures
  A phantom (D:4)
  A jelly (D:4)
  4 adders
  An ufetubus (D:5)
  An orc (D:4)
  An endoplasm (D:4)
  A giant cockroach (D:4)
  A goblin (D:4)
  3 hobgoblins (D:4)
  A kobold (D:4)
15 creatures vanquished.

Notes
Turn   | Place    | Note
-------+----------+-------------------------------------------
     0 | D:5      | qw the Gargoyle Delver began the quest for the Orb.
     0 | D:5      | Reached XP level 1. HP: 14/14 MP: 1/1
     0 | D:5      | 0 ||| qw: Version: 0.1-a-116-g5d60599
     0 | D:5      | 0 ||| qw: Game counter: 8929
     0 | D:5      | 0 ||| qw: Always use a shield: true
     0 | D:5      | 0 ||| qw: God list: Okawaru
     0 | D:5      | 0 ||| qw: Allow faded altars: false
     0 | D:5      | 0 ||| qw: Do Orc after D:15 true
     0 | D:5      | 0 ||| qw: Do second Lair branch before Depths: true
     0 | D:5      | 0 ||| qw: Lair rune preference: random
     0 | D:5      | 0 ||| qw: Plans: Normal
     0 | D:5      | 0 ||| PLANNING D:1-11
    46 | D:5      | Reached XP level 2. HP: 17/19 MP: 2/2
   226 | D:5      | 226 ||| READING scroll labelled BIONYUCWAT.
   227 | D:5      | 227 ||| DROPPING scroll of fog.
   228 | D:5      | 228 ||| DROPPING scroll of magic mapping.
   229 | D:5      | 229 ||| DROPPING scroll of fear.
   239 | D:4      | Found a stormy altar of Qazlal.
   369 | D:4      | Found a sparkling altar of Nemelex Xobeh.
   440 | D:4      | Reached skill level 3 in Axes
   440 | D:4      | Reached XP level 3. HP: 18/23 MP: 3/3
   448 | D:4      | 448 ||| Stepping ~*~*~tactically~*~*~ (stealth).
   450 | D:4      | 450 ||| Stepping ~*~*~tactically~*~*~ (stealth).
   552 | D:4      | Noticed a phantom
   570 | D:4      | HP: 4/23 [phantom (6)]
   572 | D:4      | Killed a phantom
   573 | D:4      | Reached XP level 4. HP: 5/28 MP: 4/4
   829 | D:4      | Identified the +1 scale mail "Oxaop" {Int+3 Stlth+}
   844 | D:4      | Found Ynloaf's Weapon Emporium.
   848 | D:4      | 848 ||| Stepping ~*~*~tactically~*~*~ (stealth).
   855 | D:4      | 855 ||| Stepping ~*~*~tactically~*~*~ (stealth).
   856 | D:4      | 856 ||| Stepping ~*~*~tactically~*~*~ (stealth).
   861 | D:4      | 861 ||| SHOPLISTING +0 flail (42 gold, have 39).
   861 | D:4      | 861 ||| BUYING +0 mace (36 gold).
   861 | D:4      | Bought a +0 mace for 36 gold pieces
   861 | D:4      | 861 ||| DROPPING +0 club.
   940 | D:4      | Reached XP level 5. HP: 16/32 MP: 5/5
  1211 | D:4      | Noticed an ogre
  1222 | D:4      | HP: 6/32 [ogre/+0 giant club (4)]
  1225 | D:4      | Slain by an ogre

Levels and vault maps discovered:
D:4:      layout_basic, nicolae_overflow_hidden_temple,
          grunt_temple_overflow_open, serial_shops, shop_statue
D:5:      layout_gridville, minmay_temple_entry_antechambers, minivault_26,
          minmay_between

Skill      XL: |  1  2  3 |
---------------+----------+-----
Axes           | 2 3 4 |  4.9
Fighting       | |  3.2
Dodging        | |  1.5
Stealth        | |  5.4

Action                   |  1- 3 |  4- 6 || total
-------------------------+-------+-------++-------
Melee: Hand axe          |    66 |    43 ||   109
  Use: Scroll            |     1 |       ||     1
Armor: Leather armour    |    29 |    14 ||    43
Dodge: Dodged            |    36 |    24 ||    60

Table legend:
 A = Non-vault XP
 B = Vault XP
 C = Vault XP percentage of total XP
 D = Non-vault monster count
 E = Vault monster count
 F = Vault count percentage of total count
                 A         B        C        D         E       F
            +---------+---------+-------+---------+---------+-------
      Total |     221 |       0 |   0.0 |      15 |       0 |   0.0
            +---------+---------+-------+---------+---------+-------
        D:4 |     200 |       0 |   0.0 |      13 |       0 |   0.0
        D:5 |      21 |       0 |   0.0 |       2 |       0 |   0.0
            +---------+---------+-------+---------+---------+-------
